Map: [ESL] Data-C

Players

Rhizer - Winner!

  • Race: Protoss Protoss
  • Spawn Location: 9:00

NightPhoenix

  • Race: Protoss Protoss
  • Spawn Location: 3:00

Event: DreamHack SC2 Masters 2022 Valencia

VOD

Have the link to the VOD?

Description

Time

  • Played on: July 1, 2022, 9:30 a.m.
  • Length: 7:25

All games in this series

Show
View Real Time Build Order
Export as new Build Order

Rhizer Protoss - Winner!

Build Orders:  

Get SALT Encoding   

  12  0:00  Probe  
  13  0:12  Probe  
  14  0:18  Pylon  
  14  0:24  Probe (Chrono Boost)  
  15  0:36  Probe (Chrono Boost)  
  15  0:39  Gateway  
  16  0:45  Probe (Chrono Boost)  
  16  0:48  Assimilator  
  17  0:51  Probe  
  18  0:57  Assimilator  
  18  1:03  Probe (Chrono Boost)  
  19  1:08  Pylon  
  19  1:14  Probe (Chrono Boost)  
  20  1:18  Probe (Chrono Boost)  
  21  1:29  Cybernetics Core  
  21  1:30  Probe  
  22  1:35  Zealot  
  24  1:42  Probe  
  25  1:54  Probe  
  26  2:02  Warp Gate (Chrono Boost)  
  26  2:05  Stalker  
  26  2:06  Probe  
  29  2:12  Pylon  
  29  2:18  Probe  
  30  2:27  Robotics Facility  
  30  2:34  Probe  
  31  2:52  Nexus  
  31  3:02  Probe  
  31  3:06  Sentry  
  31  3:08  Gateway  
  33  3:14  Observer  
  33  3:16  Shield Battery  
  33  3:18  Probe  
  35  3:26  Pylon  
  35  3:30  Probe  
  36  3:44  Immortal  
  36  3:45  Probe  
  41  3:49  Sentry  
  41  3:54  Shield Battery  
  43  4:01  Probe  
  44  4:03  Observer, Probe  
  44  4:08  Forge  
  45  4:13  Probe (Chrono Boost)  
  45  4:16  Probe (Chrono Boost)  
  47  4:20  Observer  
  48  4:25  Probe (Chrono Boost)  
  48  4:27  Probe (Chrono Boost)  
  48  4:30  Probe (Chrono Boost)  
  49  4:31  Immortal (Chrono Boost)  
  49  4:32  Probe (Chrono Boost)  
  55  4:39  Probe  
  55  4:40  Protoss Ground Weapons Level 1 (Chrono Boost)  
  55  4:42  Observer  
  56  4:49  Shield Battery  
  56  4:53  Pylon, Gateway  
  56  4:56  Sentry  
  56  4:57  Sentry  
  60  5:10  Probe x2  
  60  5:11  Immortal (Chrono Boost)  
  66  5:17  Gateway  
  66  5:22  Probe, Gateway  
  66  5:24  Sentry  
  69  5:34  Pylon  
  69  5:37  Assimilator  
  69  5:47  Pylon  
  69  5:48  Warp Prism  
  70  5:52  Probe  
  70  5:53  Stalker x3  
  77  6:07  Nexus  
  77  6:18  Stalker x2  
  81  6:20  Probe  
  81  6:21  Probe  
  80  6:40  Probe  
  80  6:42  Stalker  
  80  6:43  Stalker  
  80  6:44  Twilight Council  
  85  6:52  Pylon  
  85  6:53  Pylon  
  83  6:59  Probe  
  80  7:12  Stalker x5  
Show
View Real Time Build Order
Export as new Build Order

NightPhoenix Protoss 

Build Orders: Blink Stalkers 

Get SALT Encoding   

  12  0:00  Probe  
  13  0:12  Probe  
  14  0:17  Pylon  
  14  0:24  Probe  
  15  0:36  Probe (Chrono Boost), Gateway  
  16  0:47  Assimilator  
  16  0:48  Probe (Chrono Boost)  
  17  0:53  Probe (Chrono Boost)  
  17  0:55  Assimilator  
  18  1:03  Probe (Chrono Boost)  
  19  1:09  Gateway  
  19  1:15  Probe (Chrono Boost)  
  20  1:23  Probe (Chrono Boost)  
  20  1:25  Cybernetics Core  
  21  1:29  Probe  
  22  1:35  Pylon  
  22  1:41  Probe  
  23  1:54  Probe  
  24  2:02  Stalker x2  
  24  2:03  Warp Gate  
  28  2:14  Cybernetics Core  
  28  2:20  Pylon  
  28  2:23  Probe  
  28  2:55  Nexus  
  30  2:59  Probe  
  30  3:00  Pylon  
  30  3:02  Twilight Council  
  29  3:10  Gateway  
  29  3:19  Shield Battery  
  29  3:24  Probe  
  30  3:33  Blink (Chrono Boost)  
  30  3:40  Probe  
  31  3:50  Stalker  
  31  3:51  Stalker  
  31  3:55  Probe  
  36  3:59  Pylon  
  36  4:07  Probe x2 (Chrono Boost)  
  38  4:10  Stalker  
  39  4:19  Probe (Chrono Boost)  
  39  4:20  Probe (Chrono Boost)  
  41  4:24  Sentry  
  41  4:26  Probe x2 (Chrono Boost)  
  45  4:33  Probe  
  45  4:34  Probe  
  47  4:46  Nexus  
  47  4:48  Probe  
  47  4:49  Probe  
  49  4:56  Forge  
  49  5:00  Probe  
  49  5:02  Probe  
  49  5:03  Assimilator  
  49  5:07  Stalker  
  53  5:12  Probe  
  53  5:14  Probe  
  55  5:18  Gateway  
  55  5:21  Gateway  
  55  5:22  Protoss Ground Weapons Level 1 (Chrono Boost)  
  55  5:28  Gateway  
  55  5:30  Probe  
  55  5:32  Probe  
  57  5:35  Pylon  
  57  5:37  Pylon, Phoenix  
  57  5:44  Stalker  
  57  5:45  Probe x2  
  61  5:55  Pylon  
  61  5:57  Pylon  
  61  5:59  Stalker  
  61  6:00  Stalker  
  65  6:04  Probe x2  
  65  6:06  Probe  
  68  6:16  Probe  
  68  6:17  Probe  
  70  6:31  Stalker x2, Probe x3  
  70  6:32  Stalker x3  
  81  6:43  Pylon  
  81  6:44  Stalker  
  81  6:57  Stalker x5  
  81  7:01  Shield Battery x2  
  83  7:12  Stalker  
  83  7:20  Stalker  
  83  7:21  Stalker x3  

Tags
 
Add a new tag
Caveats
  • Supply blocks, unpowered buildings, or Contaminate may cause inaccurate times.
  • Supply counts are checked every 10 seconds.